 Dungeon Crawl Stone Soup version 0.28.0-53-g5a82cb258f (webtiles) character file.

Game seed: 9761470214608444751

287 Peloso the Slasher (level 6, -1/53 HPs)
             Began as a Minotaur Fighter on May 27, 2022.
             Slain by an orc
             ... wielding a +2 mace of holy wrath
              (2 damage)
             ... on level 6 of the Dungeon.
             The game lasted 00:04:16 (3120 turns).

Peloso the Slasher (Minotaur Fighter)               Turns: 3120, Time: 00:04:16

Health: -1/53      AC:  9    Str: 21    XL:     6   Next: 8%
Magic:  5/5        EV:  7    Int:  5    God:
Gold:   225        SH:  4    Dex: 11    Spells: 5/5 levels left

rFire   . . .      SeeInvis .   a - +0 long sword
rCold   + . .      Faith    .   c - +0 buckler
rNeg    . . .      Spirit   .   j - +0 chain mail
rPois   .          Reflect  .   (helmet restricted)
rElec   .          Harm     .   (no cloak)
rCorr   .          Rampage  .   (no gloves)
Will    .....                   (no boots)
Stlth   ..........              (no amulet)
HPRegen 0.17/turn               h - ring of protection from cold
MPRegen 0.09/turn               (no ring)

@: lethally poisoned (-1 -> -19)
A: horns 2, retaliatory headbutt
a: no special abilities


You were on level 6 of the Dungeon.
You visited 1 branch of the dungeon, and saw 6 of its levels.

You collected 225 gold pieces.

Inventory:

Hand Weapons
 a - a +0 long sword (weapon)
Armour
 b - a +0 scale mail
 c - a +0 buckler (worn)
 j - a +0 chain mail (worn)
Jewellery
 h - a ring of protection from cold (left hand)
Scrolls
 e - 2 scrolls of teleportation
 i - a scroll of identify
Potions
 d - a potion of might
 g - a potion of cancellation
 k - a potion of magic {unknown}


   Skills:
 + Level 4.6 Fighting
 + Level 5.7 Long Blades
 + Level 4.9 Armour
 + Level 0.6 Dodging
 + Level 0.1 Stealth
 + Level 4.2 Shields


You had 5 spell levels left.
You didn't know any spells.
Your spell library contained the following spells:

 Spells                   Type           Power      Damage    Failure   Level
 Animate Skeleton         Necr           0%         N/A       99%         1
 Pain                     Necr           0%         1d4       99%         1
 Shock                    Conj/Air       0%         1d3       99%         1
 Swiftness                Air            0%         N/A       100%        3
 Vampiric Draining        Necr           0%         2d6       100%        3
 Airstrike                Air            0%         N/A       100%        4


Dungeon Overview and Level Annotations

Branches:
Dungeon (7/15)
 Temple: D:4-7

Altars:
Dithmenos

Annotations:
D:3 2 transporters, Dune's ghost, amateur MiBe


Innate Abilities, Weirdness & Mutations

You have a pair of horns on your head.
You reflexively headbutt those who attack you in melee.


Message History

An orc priest comes into view.
It is wielding a +2 falchion of protection.
An orc comes into view. It is wielding a +2 mace of holy wrath.
The water moccasin barely misses you.
You miss the water moccasin.
The water moccasin is moderately wounded.
You feel sick.
The orc shouts!
You hear a shout! x2
The water moccasin bites you.
* * * LOW HITPOINT WARNING * * *
You hear a shout!
Okay, then.
You hit the water moccasin but do no damage.
Your headbutt misses the water moccasin.
The water moccasin is moderately wounded.
You feel sick. The water moccasin bites you.
* * * LOW HITPOINT WARNING * * *
You are lethally poisoned!
The water moccasin poisons you! The water moccasin bites you.
* * * LOW HITPOINT WARNING * * *
You feel much better.
You feel very sick. The water moccasin bites you.
You hit the water moccasin.
The water moccasin is moderately wounded.
You feel very sick. The water moccasin bites you!
* * * LOW HITPOINT WARNING * * *
You are lethally poisoned!
The water moccasin poisons you!
An orc comes into view. It is wielding a +0 whip.
The water moccasin bites you but does no damage.
The orc hits you with a +2 mace of holy wrath.
* * * LOW HITPOINT WARNING * * *
You barely miss the water moccasin.
The water moccasin is moderately wounded.
* * * LOW HITPOINT WARNING * * *
You feel very sick. The water moccasin closely misses you.
The orc hits you with a +2 mace of holy wrath.
You die...

#... .... .##....
...# .#.. .....# .(#
... #...# #.# #.. .
#...###.# .. #
#...##..# #.# # #.
##...†..### ..# #
#...##S...)....##.#
#
#...=.@oo.........#
#
......###.......#.##
# ....# #...#...##.#
## .##
#..o....##.####.
#...............
.................
#.........#.....#
##........##.)..#
...#.. ##...#


You could see a water moccasin, an orc priest and 2 orcs.

Vanquished Creatures
  A bullfrog zombie (D:4)
  A hound (D:7)
  2 bullfrog skeletons
  2 iguanas
  A hound zombie (D:3)
  An adder (D:3)
  A howler monkey skeleton (D:7)
  4 dart slugs
  2 orcs (D:6)
  8 endoplasms
  6 giant cockroaches
  7 goblins
  10 hobgoblins
  10 kobolds
  2 quokkas
  3 ball pythons
  6 bats
  2 frilled lizards (D:1)
  5 rats
74 creatures vanquished.

Notes
Turn   | Place    | Note
-------+----------+-------------------------------------------
     0 | D:1      | Peloso the Minotaur Fighter began the quest for the Orb.
     0 | D:1      | Reached XP level 1. HP: 19/19 MP: 0/0
   159 | D:1      | Reached XP level 2. HP: 25/27 MP: 1/1
   715 | D:1      | Reached XP level 3. HP: 30/33 MP: 2/2
   891 | D:1      | Reached skill level 3 in Long Blades
  1865 | D:3      | Found a faded altar of an unknown god.
  1873 | D:3      | Reached XP level 4. HP: 40/40 MP: 3/3
  2059 | D:3      | Found a transporter.
  2063 | D:3      | Found a transporter.
  2065 | D:3      | Noticed Dune's ghost (amateur MiBe)
  2115 | D:3      | Reached skill level 4 in Long Blades
  2559 | D:4      | Found a shadowy altar of Dithmenos.
  2571 | D:4      | Reached skill level 5 in Long Blades
  2571 | D:4      | Reached XP level 5. HP: 42/47 MP: 4/4
  2635 | D:4      | You fall into a shaft and drop 3 floors!
  3001 | D:6      | Noticed a steam dragon
  3098 | D:6      | Reached XP level 6. HP: 36/53 MP: 5/5
  3103 | D:6      | Noticed a water moccasin
  3120 | D:6      | HP: 1/53 [poisoned by a water moccasin]
  3120 | D:6      | Slain by an orc

Illustrated notes

Levels and vault maps discovered:
D:1:      dpeg_arrival_arbitrary_c, layout_basic
D:2:      layout_rooms
D:3:      layout_loops_ring, chequers_ecumenical_altar_island,
          gammafunk_ghost_mausoleum, kennysheep_generic_room_10
D:4:      layout_rooms, nicolae_overflow_hidden_temple,
          overflow_temple_1_default, serial_curves, eino_curves_02,
          eino_curves_03
D:6:      minmay_chambers_of_threes, layout_layer_cave,
          minmay_temple_entry_statues_pillars, ebering_dispersal_statue_hall
D:7:      layout_loops_ring, nicolae_shop_dragon_depot

Skill      XL: |  1  2  3  4 |
---------------+-------------+-----
Shields        | 4 |  4.2
Armour         | 4 |  4.9
Fighting       | 4 |  4.6
Long Blades    | 3 5 |  5.7
Dodging        | |  0.6
Stealth        | |  0.1

Action                   |  1- 3 |  4- 6 || total
-------------------------+-------+-------++-------
Melee: Long sword        |   109 |    81 ||   190
       Headbutt          |    14 |    16 ||    30
  Use: Potion            |     3 |     1 ||     4
       Scroll            |     2 |       ||     2
Armor: Scale mail        |    47 |    11 ||    58
       Chain mail        |       |    36 ||    36
Dodge: Dodged            |    60 |    23 ||    83
Block: Buckler           |    22 |    20 ||    42
